 Dungeon Crawl Stone Soup version 0.23.0-3-gf3c87f2df8 (webtiles) character file.

Game seed: 425819314797553202

1823 LLavrengius the Magician (level 9, -1/62 HPs)
             Began as an Octopode Transmuter on Feb 24, 2019.
             Was an Initiate of Gozag.
             Slain by a hippogriff (7 damage)
             ... on level 6 of the Dungeon.
             The game lasted 00:21:20 (8522 turns).

LLavrengius the Magician (Octopode Transmuter)      Turns: 8522, Time: 00:21:20

Health: -1/62      AC:  2    Str:  9    XL:     9   Next: 10%
Magic:  10/18      EV: 22    Int: 21    God:    Gozag
Gold:   510        SH:  0    Dex: 18    Spells: 14/20 levels left

rFire    . . .     SeeInvis .     - Unarmed
rCold    . . .     Gourm    .   (shield currently unavailable)
rNeg     . . .     Faith    .   (helmet currently unavailable)
rPois    x         Spirit   .   A - amulet of regeneration
rElec    .         Reflect  .   g - ring of stealth
rCorr    .         Harm     .   y - +3 ring of intelligence
MR       .....                  (no ring)
Stlth    +++.......             (no ring)
HPRegen  0.60/turn              (no ring)
MPRegen  0.16/turn              (no ring)
                                (no ring)
                                (no ring)

@: spider-form, very slightly contaminated
A: tiny, almost no armour, stealthy swim, (amphibious), 8 rings, (constrict 8)
a: End Transformation, Potion Petition, Call Merchant, Bribe Branch, Renounce
Religion


You were on level 6 of the Dungeon.
You worshipped Gozag.
Gozag was pleased with you.
You were not hungry.
You were a venomous arachnid creature.
You visited 2 branches of the dungeon, and saw 8 of its levels.

You collected 588 gold pieces.
You paid 78 gold pieces to Gozag.

Inventory:

Hand Weapons
 l - a +1 scythe of venom
 p - a +1 whip of venom
 w - a +0 blowgun
Missiles
 a - 121 arrows
 e - 11 tomahawks (quivered)
 x - 11 poisoned needles
Jewellery
 g - a ring of stealth (left front leg)
 y - a +3 ring of intelligence (right front leg)
 A - an amulet of regeneration (around neck)
Scrolls
 f - 3 scrolls of teleportation
 m - 2 scrolls of blinking
 n - a scroll of fog
 o - 3 scrolls of remove curse
 t - a scroll of enchant armour {unknown}
 u - 2 scrolls of fear {unknown}
Potions
 b - a potion of heal wounds
 h - a potion of agility
 i - 3 potions of curing
 j - 2 potions of flight
 k - a potion of ambrosia
 r - a potion of magic
 s - a potion of brilliance {unknown}
 v - a potion of lignification {unknown}
 z - a potion of cancellation {unknown}
Comestibles
 c - 6 rations


   Skills:
 + Level 5.7 Fighting
 + Level 4.0 Dodging
 + Level 4.6 Unarmed Combat
 + Level 6.1 Spellcasting
 - Level 6.0 Transmutations


You had 14 spell levels left.
You knew the following spells:

 Your Spells              Type           Power        Failure   Level  Hunger
a - Beastly Appendage     Tmut           ####..       4%          1    None
b - Sticks to Snakes      Tmut           ####....     6%          2    None
c - Spider Form           Tmut/Pois      ###.......   22%         3    ##.....

Your spell library contained the following spells:

 Spells                   Type           Power        Failure   Level  Hunger
 Animate Skeleton         Necr           N/A          24%         1    None
 Apportation              Tloc           #.....       24%         1    None
 Confusing Touch          Hex            #.....       24%         1    None
 Summon Small Mammal      Summ           #...         24%         1    None
 Blade Hands              Tmut           ####......   43%         5    #####..
 Ice Form                 Ice/Tmut       ###.....     50%         4    ####...


Dungeon Overview and Level Annotations

Branches:
Dungeon (7/15)             Temple (1/1) D:5

Altars:
Dithmenos
Elyvilon
Gozag
Hepliaklqana
Kikubaaqudgha
Okawaru
Qazlal
Ru
Wu Jian
Xom
Zin
The Shining One


Innate Abilities, Weirdness & Mutations

You cannot wear most types of armour.
You are very stealthy in the water. (Stealth+)
((You are amphibious.))
You can wear up to eight rings at the same time.
((You can use your tentacles to constrict eight enemies at once.))
((Your skin changes colour to match your surroundings (Stealth+).))
((Your rubbery body absorbs attacks. (AC +1, EV +1)))


Message History

Your transformation has ended.
The hippogriff bites you!
* * * LOW HITPOINT WARNING * * *
The hippogriff misses you. The hippogriff closely misses you.
Casting: Spider Form (safe; 9% risk of failure)
Confirm with . or Enter, or press ? or * to list all spells.
You miscast Spider Form.
You are very lightly contaminated with residual magic.
You smell something strange.
Casting: Spider Form (safe; 9% risk of failure)
Confirm with . or Enter, or press ? or * to list all spells.
You turn into a venomous arachnid creature.
The hippogriff completely misses you. The hippogriff closely misses you.
The hippogriff claws you.
* * * LOW HITPOINT WARNING * * *
Casting: Spider Form (safe; 22% risk of failure)
Confirm with . or Enter, or press ? or * to list all spells.
You create a snake!
You now have 121 arrows.
The hippogriff bites you!
You die...
Your body crumbles into a pile of gold.

##.##### .....#
##.#.#
#.#.#############
#.#...#.........#
#.###.#.#######.#
#.# #.#...# #S#
##.# #.###.# #H#
.#.###.# #.# #s#
)#.#...# #.# #.#
)#.#.#####.### #.#
.#.#.......#.###.##
.#.#########......#
.#............#####
...#########.##
.#.# #.# #### ###


You could see a hippogriff and a friendly adder.

Vanquished Creatures
  A hippogriff (D:6)
  An orc warrior (D:6)
  2 phantoms
  2 centaurs
  3 bullfrogs (D:6)
  A big kobold (D:7)
  A scorpion (D:7)
  2 hounds (D:4)
  A centaur skeleton (D:7)
  2 orc priests (D:6)
  A gnoll shaman (D:6)
  5 orc wizards
  Terence (D:2)
  6 iguanas
  2 worker ants (D:6)
  A hound zombie (D:5)
  A hound skeleton (D:5)
  6 gnolls
  6 adders
  An adder skeleton (D:6)
  4 worms
  A dart slug (D:1)
  2 leopard geckos (D:2)
  11 orcs
  5 bats
  4 giant cockroaches
  12 hobgoblins
  A quokka (D:4)
  3 ball pythons
  6 frilled lizards
  10 goblins
  A jackal skeleton (D:5)
  18 kobolds
  A quokka skeleton (D:4)
  A quokka zombie (D:6)
  5 rats
131 creatures vanquished.

Vanquished Creatures (collateral kills)
  Sigmund (D:2)
  A bat (D:3)
2 creatures vanquished.

Grand Total: 133 creatures vanquished

Notes
Turn   | Place    | Note
-------+----------+-------------------------------------------
     0 | D:1      | LLavrengius the Octopode Transmuter began the quest for the
                  | Orb.
     0 | D:1      | Reached XP level 1. HP: 13/13 MP: 3/3
    95 | D:1      | Reached XP level 2. HP: 12/18 MP: 3/5
   936 | D:2      | Reached XP level 3. HP: 23/23 MP: 4/6
   959 | D:2      | Learned a level 2 spell: Sticks to Snakes
   963 | D:2      | Learned a level 3 spell: Spider Form
  1141 | D:2      | Reached XP level 4. HP: 26/28 MP: 7/7
  1549 | D:2      | Noticed Sigmund
  1565 | D:2      | Killed Sigmund
  1565 | D:2      | Reached skill level 5 in Transmutations
  1565 | D:2      | Reached XP level 5. HP: 19/33 MP: 3/9
  1789 | D:2      | Noticed Terence
  1807 | D:2      | Killed Terence
  1807 | D:2      | Reached XP level 6. HP: 26/38 MP: 5/10
  2756 | D:3      | Found an iron altar of Okawaru.
  3206 | D:4      | Reached XP level 7. HP: 28/43 MP: 6/13
  3775 | D:4      | Reached skill level 5 in Spellcasting
  4754 | D:5      | Entered Level 5 of the Dungeon
  5027 | D:5      | Found a staircase to the Ecumenical Temple.
  5033 | Temple   | Entered the Ecumenical Temple
  5048 | Temple   | Became a worshipper of Gozag Ym Sagoz the Greedy
  5129 | D:5      | Found a shadowy altar of Dithmenos.
  5424 | D:5      | Reached XP level 8. HP: 33/51 MP: 16/16
  5651 | D:5      | Found a sacrificial altar of Ru.
  7035 | D:6      | Reached skill level 5 in Fighting
  7413 | D:6      | Noticed a hippogriff
  7431 | D:6      | Killed a hippogriff
  7654 | D:6      | Reached XP level 9. HP: 43/61 MP: 15/18
  8522 | D:6      | Slain by a hippogriff

Skill      XL: |  1  2  3  4  5  6  7  8  9 |
---------------+----------------------------+-----
Transmutations | 3 4 5 6 |  6.0
Spellcasting   | 3 4 5 6 |  6.1
Fighting       | 2 5 |  5.7
Dodging        | 3 4 |  4.0
Unarmed Combat | 4 |  4.6

Action                   |  1- 3 |  4- 6 |  7- 9 || total
-------------------------+-------+-------+-------++-------
Melee: Unarmed           |    65 |   147 |   261 ||   473
       Constrict         |    19 |    31 |    23 ||    73
       Tentacles         |     8 |    20 |    17 ||    45
       Punch             |     2 |       |     3 ||     5
       Kick              |       |     8 |     2 ||    10
 Cast: Beastly Appendage |     2 |     3 |     1 ||     6
       Sticks to Snakes  |       |     5 |     2 ||     7
       Spider Form       |       |     4 |    16 ||    20
  Use: Scroll            |       |     9 |     6 ||    15
       Potion            |       |     2 |       ||     2
 Stab: Sleeping          |    13 |    12 |    11 ||    36
       Distracted        |       |       |     1 ||     1
  Eat: Chunk             |     1 |     7 |     6 ||    14
       Ration            |       |       |     4 ||     4
Armor: Skin              |     7 |     2 |    12 ||    21
Dodge: Dodged            |    38 |    96 |   156 ||   290
